AoeStats
← Nopec

Nomad

506057341Analyzed
4v4 RM · 21d ago on Sep 12, 2026· 50m 31s· 8 players
Game mode
Random Map
Map size
231×231
Population
200
Speed
Normal
Resources
Standard
Victory
Conquest
Starting age
Dark Age
Ending age
Imperial Age
RankedLock teamsTeams togetherTeam positionsShared explorationLock speedFull tech treeHidden civsTurbo modeCheats
Victory
Defeat
🇮🇳 Wu · India
935
+11
🇦🇷 Huns · Argentina
850
+15
🇨🇳 Celts · China
797
+17
🇷🇺 Shu · Russia
740
+19
🇪🇸 Spanish · Spain
896
-19
🇫🇷 Burgundians · France
835
-16
🇩🇪 Malians · Germany
810
-15
🇫🇷 Maya · France
742
-12
lavive3113
9:50 Double-Bit Axe
14:47 Feudal Age
14:04 Horse Collar
15:50 Bow Saw
15:49 Heavy Plow
17:06 Wheelbarrow
23:06 Castle Age
21:43 Gold Mining
22:22 Forging
22:18 Scale Barding Armor
22:15 Fletching
23:53 Gold Shaft Mining
25:47 Two-Man Saw
26:05 Crop Rotation
25:35 Cavalier
26:15 Husbandry
27:43 Loom
27:53 Town Watch
28:24 Hand Cart
29:03 Chain Barding Armor
34:24 Iron Casting
34:28 Stone Mining
36:11 Town Patrol
39:18 Imperial Age
37:35 Stone Shaft Mining
39:08 Burgundian Vineyards
39:20 Elite Coustillier
40:21 Conscription
41:25 Chemistry
40:21 Murder Holes
40:17 Guard Tower
40:39 Masonry
40:09 Treadmill Crane
40:35 Pikeman
41:15 Squires
41:01 Arson
41:27 Paladin
43:05 Hoardings
42:31 Bodkin Arrow
42:38 Padded Archer Armor
44:38 Plate Barding Armor
45:05 Blast Furnace
44:05 Bracer
47:06 Ballistics
47:22 Keep
47:18 Architecture
46:34 Arrowslits
47:08 Leather Archer Armor
46:54 Scale Mail Armor
48:27 Halberdier
50:04 Elite Skirmisher
CraminiNagini
4:43 Loom
16:03 Feudal Age
17:07 Double-Bit Axe
17:40 Fishing Lines
21:51 Castle Age
21:31 Padded Archer Armor
22:15 Wheelbarrow
21:23 Horse Collar
26:41 Caravan
32:18 Hand Cart
32:21 Medium Warships
35:37 Leather Archer Armor
45:08 Husbandry
44:29 Light Cavalry
47:27 Bloodlines
Nopec
7:55 Loom
15:07 Feudal Age
16:51 Fishing Lines
17:19 Man-at-Arms
19:37 Forging
24:11 Castle Age
22:11 Stone Mining
24:09 Scale Mail Armor
25:07 Horse Collar
25:14 Double-Bit Axe
28:29 Iron Casting
33:38 Bow Saw
37:58 Wheelbarrow
37:10 Town Watch
39:06 Chain Mail Armor
38:44 Fletching
41:44 Gillnets
44:46 Gold Mining
45:04 Town Watch
46:05 Wheelbarrow
50:25 Squires
50:10 Arson
Roukine
3:48 Loom
14:02 Feudal Age
14:52 Town Watch
23:42 Castle Age
21:40 Man-at-Arms
22:33 Double-Bit Axe
22:41 Horse Collar
38:33 Imperial Age
35:56 Elite Skirmisher
37:35 Murder Holes
39:40 Hul'che Javelineers
41:10 Wheelbarrow
42:42 Town Patrol
48:44 Fortified Wall
B O M B E R
12:25 Loom
14:10 Feudal Age
23:28 Castle Age
22:56 Double-Bit Axe
22:54 Horse Collar
23:07 Gold Mining
24:54 Wheelbarrow
25:45 Gold Shaft Mining
25:22 Bow Saw
25:22 Scale Mail Armor
25:11 Arson
25:26 Squires
25:12 Gambesons
26:25 Hand Cart
26:57 Chain Mail Armor
27:27 Heavy Plow
27:52 Forging
33:37 Coiled Serpent Array
35:51 Thumb Ring
35:06 Crossbowman
35:45 Fletching
35:56 Padded Archer Armor
41:02 Imperial Age
40:56 Leather Archer Armor
40:36 Bodkin Arrow
41:05 Arbalester
42:55 Capped Ram
44:34 Ring Archer Armor
44:35 Plate Mail Armor
45:54 Conscription
45:46 Stone Mining
46:10 Bracer
46:55 Siege Ram
49:01 Elite White Feather Guard
Dohko de Libra
6:48 Loom
14:43 Feudal Age
16:51 Fishing Lines
17:02 Double-Bit Axe
17:01 Horse Collar
17:59 Wheelbarrow
19:35 Gold Mining
19:38 Stone Mining
21:37 Scale Barding Armor
21:42 Forging
24:22 Castle Age
22:58 Bloodlines
25:30 Hand Cart
25:29 Bow Saw
25:21 Heavy Plow
25:43 Chain Barding Armor
25:58 Iron Casting
28:24 Gillnets
31:03 Fletching
31:42 Bodkin Arrow
35:54 Imperial Age
34:59 Ballistics
35:48 Husbandry
37:04 Conscription
40:17 Elite Tarkan
42:17 Plate Barding Armor
43:45 Blast Furnace
Rowdy
16:24 Feudal Age
16:21 Loom
18:46 Fishing Lines
21:46 Castle Age
20:05 Double-Bit Axe
21:07 Fletching
21:17 Padded Archer Armor
21:56 Wheelbarrow
21:56 Horse Collar
22:07 Gold Mining
24:31 Gillnets
29:17 Ballistics
29:12 Bodkin Arrow
29:33 Leather Archer Armor
31:25 Red Cliffs Tactics
36:02 Imperial Age
33:47 Bow Saw
33:44 Heavy Plow
34:08 Bloodlines
33:59 Husbandry
34:12 Forging
34:07 Scale Barding Armor
36:38 Gold Shaft Mining
35:54 Stone Mining
36:32 Heavy Hei Guang Cavalry
37:48 Conscription
38:37 Iron Casting
38:23 Chain Barding Armor
39:48 Stone Shaft Mining
40:45 Sitting Tiger
41:58 Blast Furnace
41:00 Bracer
41:37 Treadmill Crane
42:58 Chemistry
42:22 Murder Holes
45:52 Plate Barding Armor
47:45 Elite Fire Archer
可可
15:01 Feudal Age
16:54 Double-Bit Axe
18:57 Gold Mining
19:00 Stone Mining
18:58 Man-at-Arms
20:45 Scale Mail Armor
24:56 Castle Age
26:08 Chain Mail Armor
26:50 Stone Shaft Mining
26:40 Crossbowman
27:34 Forging
27:16 Fletching
28:04 Arson
30:54 Bodkin Arrow
34:51 Wheelbarrow
39:05 Treadmill Crane
43:09 Imperial Age
41:55 Ballistics
41:46 Masonry
43:22 Hand Cart
42:55 Loom
44:42 Bow Saw
46:10 Capped Ram
47:52 Gambesons
48:41 Conscription
48:33 Furor Celtica
48:58 Pikeman
Connection lost

Rejoining the realm…

Still unreachable

The connection could not be restored.

Session expired

The server has moved on; the page needs a fresh start.